 Dungeon Crawl Stone Soup version 0.31-a0-845-g9abc20d24f (webtiles) character file.

Game seed: 8247523885019307382

2454 Kurtz the Cleaver (level 9, -2/53 (54) HPs)
             Began as an Octopode Fighter on Oct 2, 2023.
             Was an Initiate of Gozag.
             Engulfed by a steam dragon's steam (3 damage)
             ... on level 7 of the Dungeon.
             The game lasted 00:07:14 (5690 turns).

Kurtz the Cleaver (Octopode Fighter)                Turns: 5690, Time: 00:07:14

HP:   -2/53 (54)    AC:  8    Str: 20    XL:     9   Next: 50%
MP:   8/8           EV: 14    Int: 14    God:    Gozag
Gold: 189           SH:  6    Dex: 21    Spells: 8/8 levels left

rFire   . . .        q - +2 flail (protect)
rCold   . . .        b - +0 buckler
rNeg    . . .        (helmet restricted)
rPois   .            (no amulet)
rElec   .            f - +6 ring of dexterity
rCorr   .            s - +6 ring of strength
SInv    .            (no ring)
Will    .....        (no ring)
Stlth   +++          (no ring)
HPRegen 0.28/turn    (no ring)
MPRegen 0.11/turn    (no ring)
                     (no ring)

%: random rage (3%)
@: under a protective aura, lightly drained
A: almost no armour, amphibious, 8 rings, camouflage 1, gelatinous body 1,
(nimble swimmer 1), tentacles, berserk 1, clever 1, frail 1, low MP 1, evolution
1
a: Renounce Religion, Potion Petition, Call Merchant, Bribe Branch


You were on level 7 of the Dungeon.
You worshipped Gozag.
Gozag was aware of your devotion.
You visited 2 branches of the dungeon, and saw 8 of its levels.

You collected 260 gold pieces.
You paid 71 gold pieces to Gozag.

Inventory:

Hand Weapons
 a - a +0 war axe
 q - a +2 flail of protection (weapon)
Missiles
 e - 19 poisoned darts
 h - 5 boomerangs
 t - 5 javelins
Armour
 b - a +0 buckler (worn)
Jewellery
 f - a +6 ring of dexterity (left tentacle)
 k - an amulet of guardian spirit
 r - a ring of ice
 s - a +6 ring of strength (right tentacle)
Wands
 g - a wand of acid (14)
 w - a wand of paralysis (4) (quivered)
Scrolls
 i - 2 scrolls of fear {unknown}
 j - a scroll of noise {unknown}
 l - a scroll of revelation
 m - a scroll of enchant armour {unknown}
 n - 2 scrolls of immolation {unknown}
 o - a scroll of amnesia {unknown}
 u - 5 scrolls of teleportation {unknown}
 x - 2 scrolls of identify
Potions
 c - 2 potions of might
 d - a potion of enlightenment
 p - 2 potions of brilliance
 v - a potion of attraction


   Skills:
 * Level 5.2 Fighting
 - Level 11.3 Axes
 - Level 3.0 Dodging
 * Level 4.8 Shields


You had 8 spell levels left.
You didn't know any spells.
Your spell library contained the following spells:

 Spells                   Type           Power      Damage    Failure   Level
 Summon Small Mammal      Summ           0%         N/A       34%         1
 Call Canine Familiar     Summ           0%         N/A       71%         3
 Ozocubu's Armour         Ice            0%         N/A       71%         3
 Summon Guardian Golem    Hex/Summ       0%         N/A       71%         3
 Metabolic Englaciation   Hex/Ice        0%         N/A       100%        5
 Ozocubu's Refrigeration  Ice            0%         4d7       100%        7
 Simulacrum               Ice/Necr       Unusable   N/A       N/A         6

Dungeon Overview and Level Annotations

Branches:
Dungeon (7/15)             Temple (1/1) D:6

Altars:
Ashenzari
Cheibriados
Elyvilon
Fedhas
Gozag
Hepliaklqana
Kikubaaqudgha
Makhleb
Nemelex Xobeh
Okawaru
Qazlal
Ru
Trog
Uskayaw
Wu Jian
Xom
Yredelemnul
The Shining One

Annotations:
D:3 2 transporters
D:4 3 runed translucent doors, pokeman's ghost, amateur DEHW
D:7 Prince Ribbit


Innate Abilities, Weirdness & Mutations

You cannot wear most types of armour.
You are amphibious.
You can wear up to eight rings at the same time.
Your skin changes colour to match your surroundings (Stealth+).
Your rubbery body absorbs attacks. (AC +1, EV +1)
((You are camouflaged when in or above water. (Stealth+)))
You have tentacles for arms and can constrict up to eight enemies at once.
You sometimes lose your temper in combat.
Your mind is acute. (Int +4, Str/Dex -1)
You are frail. (-10% HP)
Your magical capacity is low. (-10% MP)
You have hidden genetic potential.


Message History

The bullfrog is heavily wounded.
You constrict the bullfrog. The bullfrog misses you.
You block the bullfrog's attack.
You hit the bullfrog.
Your weapon exudes an aura of protection.
The bullfrog is severely wounded.
You constrict the bullfrog. The bullfrog barely misses you.
Prince Ribbit blinks!
A wight comes into view. It is wielding a +2 battleaxe.
You hit the bullfrog.
The bullfrog is almost dead.
You constrict the bullfrog.
You kill the bullfrog!
The wight is distracted by your dazzling golden aura.
You see here 8 gold pieces.
Prince Ribbit blinks!
Aiming: Paralyse
Press: ? - help, Q - select action, (/) - cycle Shift-Dir - straight line, f/p - Prince Ribbit
Aim: Prince Ribbit (chance to affect: 31%) Prince Ribbit suddenly stops moving!
Unknown command.
The helpless Prince Ribbit fails to defend himself.
You sock Prince Ribbit!
Your weapon exudes an aura of protection.
You grab Prince Ribbit.
Prince Ribbit is moderately wounded.
You constrict Prince Ribbit. The wight hits you with a +0 mace.
* * * LOW HITPOINT WARNING * * *
You feel drained.
* * * LOW HITPOINT WARNING * * *
Okay, then.
You release your grip on Prince Ribbit.
The steam dragon breathes steam at you. The ball of steam misses you.
The sentinel's mark upon you fades away.
A wight comes into view. It is wielding a +0 war axe.
There is a stone staircase leading up here.
You are engulfed in a cloud of scalding steam.
You die...
Your body crumbles into a pile of gold.

######### #.......#
###########.#####.#####
.......................
###########.###...#####
........#....<.......
########....(..##...####.
.......................#
.......#.##....#@....#.#
####.....#####§§....#.#
###.##...##Fz§D......##
#......#...z#..).......
#.#.######..z##############
#.....# ##..$...## ...
.####.#.#####.####zD#####.######
.....................z......Dz..
..##..#.#####.#######.z...#####


You could see Prince Ribbit (paralysed), a steam dragon (catching breath) and 2
wights.

Vanquished Creatures
  Jeremiah (D:7)
  Edmund (D:4)
  A steam dragon (D:7)
  3 water moccasins
  Duvessa (D:4)
  A black bear (D:7)
  2 ice beasts
  2 ogres (D:6)
  2 phantoms (D:6)
  Blork the orc (D:4)
  A kobold brigand (D:6)
  A bullfrog (D:7)
  2 scorpions
  Dowan (D:4)
  4 hounds
  A jelly (D:4)
  A sleepcap (D:4)
  A gnoll bouda (D:4)
  4 iguanas
  6 gnolls
  7 adders
  A shadow imp (D:5)
  2 white imps (D:6)
  A worm (D:3)
  15 orcs
  6 ball pythons
  8 bats
  8 endoplasms
  2 goblins
  6 hobgoblins
  9 jackals
  18 kobolds
  3 quokkas
  3 rats
126 creatures vanquished.

Vanquished Creatures (others)
  A hound (D:7)
1 creature vanquished.

Grand Total: 127 creatures vanquished

Notes
Turn   | Place    | Note
-------+----------+-------------------------------------------
     0 | D:1      | Kurtz the Octopode Fighter began the quest for the Orb.
     0 | D:1      | Reached XP level 1. HP: 16/16 MP: 1/1
   118 | D:1      | Reached XP level 2. HP: 21/21 MP: 2/2
   215 | D:1      | Reached skill level 3 in Axes
   296 | D:1      | Reached XP level 3. HP: 25/26 MP: 3/3
  1050 | D:2      | Reached skill level 4 in Axes
  1089 | D:2      | Reached XP level 4. HP: 19/31 MP: 4/4
  1477 | D:3      | Found a transporter.
  1717 | D:3      | Found a sacrificial altar of Ru.
  1880 | D:3      | Found a transporter.
  2009 | D:4      | Noticed Edmund
  2039 | D:4      | Noticed a water moccasin
  2049 | D:4      | Killed a water moccasin
  2050 | D:4      | Reached skill level 5 in Axes
  2050 | D:4      | Reached XP level 5. HP: 31/36 MP: 5/5
  2084 | D:4      | Killed Edmund
  2085 | D:4      | Reached skill level 6 in Axes
  2085 | D:4      | Reached XP level 6. HP: 6/42 MP: 6/6
  2348 | D:4      | Noticed Blork the orc
  2348 | D:4      | Noticed Dowan
  2350 | D:4      | Noticed Duvessa
  2354 | D:4      | Killed Duvessa
  2355 | D:4      | Reached skill level 7 in Axes
  2355 | D:4      | Reached XP level 7. HP: 44/46 MP: 7/7
  2361 | D:4      | Killed Dowan
  2364 | D:4      | Killed Blork the orc
  2365 | D:4      | Reached skill level 8 in Axes
  2531 | D:4      | Found a runed translucent gate.
  2532 | D:4      | Found a runed translucent gate.
  2532 | D:4      | Found a runed translucent gate.
  2535 | D:4      | Noticed pokeman's ghost (amateur DEHW)
  2767 | D:4      | Found a hazy altar of Hepliaklqana.
  2934 | D:5      | Entered Level 5 of the Dungeon
  2978 | D:5      | Found a glowing golden altar of the Shining One.
  3102 | D:4      | Reached skill level 9 in Axes
  3102 | D:4      | Reached XP level 8. HP: 14/52 MP: 8/8
  3683 | D:6      | Found a shimmering altar of Xom.
  3777 | D:6      | Reached skill level 10 in Axes
  3928 | D:6      | Found a hide-covered altar of Uskayaw.
  3928 | D:6      | Noticed a +0 dagger
  3928 | D:6      | Noticed a +0 dagger
  3999 | D:6      | Gained mutation: You are weak. (Str -2) [potion of
                  | mutation]
  3999 | D:6      | Gained mutation: You occasionally lose the ability to read
                  | scrolls when taking damage. [potion of mutation]
  3999 | D:6      | Gained mutation: You have hidden genetic potential. [potion
                  | of mutation]
  4009 | D:6      | Reached skill level 11 in Axes
  4010 | D:6      | Reached XP level 9. HP: 16/56 MP: 9/9
  4154 | D:6      | Lost mutation: You occasionally lose the ability to read
                  | scrolls when taking damage. [potion of mutation]
  4154 | D:6      | Lost mutation: You are weak. (Str -2) [potion of mutation]
  4154 | D:6      | Gained mutation: You sometimes lose your temper in combat.
                  | [potion of mutation]
  4154 | D:6      | Gained mutation: You are frail. (-10% HP) [potion of
                  | mutation]
  4154 | D:6      | Gained mutation: Your magical capacity is low. (-10% MP)
                  | [potion of mutation]
  4358 | D:6      | Found a staircase to the Ecumenical Temple.
  4563 | Temple   | Entered the Ecumenical Temple
  4587 | Temple   | Became a worshipper of Gozag Ym Sagoz the Greedy
  5372 | D:7      | Noticed Jeremiah
  5620 | D:7      | Killed Jeremiah
  5621 | D:7      | Reached skill level 5 in Fighting
  5633 | D:7      | Gained mutation: Your mind is acute. (Int +4, Str/Dex -1)
                  | [hidden potential]
  5664 | D:7      | Noticed Prince Ribbit
  5676 | D:7      | HP: 1/54 [bullfrog (8)]
  5687 | D:7      | HP: 2/54 [wight/+0 mace (3)]
  5690 | D:7      | Engulfed by a steam dragon's steam

Illustrated notes

Levels and vault maps discovered:
D:1:      psy_arrival_conway, layout_basic, nrook_mini_vaults,
          minmay_tetromino_o2
D:2:      layout_basic, minivault_14, chequers_decorated_corner, nrook_campfire,
          palyth_stone_intersect, amcnicky_mini_pool_small
D:3:      layout_basic, mainiacjoe_overflow_cross_hatched,
          gammafunk_ghost_arena, minmay_misc_feat_rows
D:4:      layout_loops_ring, nzn_hepliaklqana_mist_gate,
          ebering_ghost_rock_garden, hangedman_decor_peaks_small,
          uniq_blork_the_orc, uniq_duvessa, uniq_edmund
D:5:      layout_cave_pools, nicolae_overflow_crystal_walls
D:6:      layout_loops_ring, mainiacjoe_overflow_surrounded_room,
          dancing_weapons_uskayaw, minmay_temple_entry_poolview
D:7:      layout_basic, lemuel_doored_altar, nicolae_overflow_hidden_temple,
          uniq_prince_ribbit1, uniq_jeremiah, uniq_pikel
Temple:   dshaligram_water_room_temple

Skill      XL: |  1  2  3  4  5  6  7  8  9 |
---------------+----------------------------+-----
Axes           | 3 4 5 6 7 9 11 | 11.3
Fighting       | 5 |  5.2
Shields        | 4 |  4.8
Dodging        | |  3.0

Action                     |  1- 3 |  4- 6 |  7- 9 || total
---------------------------+-------+-------+-------++-------
  Melee: War axe           |    65 |    37 |       ||   102
         Tentacles         |    11 |     9 |    47 ||    67
         Constrict         |    12 |    13 |    37 ||    62
         Flail             |       |    11 |   183 ||   194
         Punch             |       |       |     2 ||     2
  Throw: Dart              |       |     3 |       ||     3
  Evoke: Wand              |       |       |     8 ||     8
    Use: Scroll            |       |     3 |     1 ||     4
         Potion            |       |     1 |     9 ||    10
   Stab: Sleeping          |     6 |     3 |     6 ||    15
         Distracted        |       |       |     1 ||     1
         Paralysed         |       |       |     6 ||     6
 Armour: Skin              |    36 |    20 |    91 ||   147
  Dodge: Dodged            |    51 |    24 |   134 ||   209
  Block: Buckler           |    20 |    10 |    40 ||    70

Table legend: (Time is in decaauts)
 A = Elapsed time spent in this place.
 B = Non-inter-level travel time spent in this place.
 C = Inter-level travel time spent in this place.
 D = Time resting spent in this place.
 E = Time spent auto-exploring this place.
 F = Levels seen in this place.
 G = Mean time per level.
                   A        B        C        D        E       F      G
               +--------+--------+--------+--------+--------+-----+--------+
         Total |   5744 |   5472 |    272 |   1326 |   3171 |   8 |  718.0 |
       Dungeon |   5699 |   5448 |    251 |   1326 |   3171 |   7 |  814.1 |
        Temple |     44 |     24 |     20 |      0 |      0 |   1 |   44.0 |
               +--------+--------+--------+--------+--------+-----+--------+

Top non-repeatable levels by time:
     D:6: 1541 daAuts
     D:4: 1201 daAuts
     D:1: 797 daAuts
     D:2: 704 daAuts
     D:5: 520 daAuts
     D:3: 496 daAuts
     D:7: 438 daAuts
  Temple: 44 daAuts
